 Dungeon Crawl Stone Soup version 0.19.3-4-gbf9329e (webtiles) character file.

251712 Mefis the Eclecticist (level 19, -3/133 HPs)
             Began as a Deep Elf Wizard on Jan 29, 2017.
             Was an Elder of Sif Muna.
             Slain by a flayed ghost (28 damage)
             ... on level 15 of the Dungeon on Jan 31, 2017.
             The game lasted 04:35:29 (62511 turns).

Mefis the Eclecticist (Deep Elf Wizard)            Turns: 62511, Time: 04:35:30

Health: -3/133     AC:  9    Str:  4    XL:     19   Next: 66%
Magic:  8/41       EV: 17    Int: 39    God:    Sif Muna [****..]
Gold:   1868       SH:  8    Dex: 13    Spells: 11 memorised, 3 levels left

rFire  + + .     SeeInvis .     a - +9 whip of the Twelve Tales {flame, rC+ Int+7 Stlth+}
rCold  + + +     Gourm    .     O - +2 robe {rN+}
rNeg   + + .     Faith    .     H - +3 buckler {rC+ rF+}
rPois  +         Spirit   .     W - -2 hat of the Alchemist {rElec rPois rF+ rC+ rN+ MR+ rMut rCorr}
rElec  +         Reflect  .     B - +2 cloak
rCorr  +         Harm     .     e - +0 pair of gloves "Vapt" {MR+}
rMut   +         Clarity  +     j - +2 pair of boots
MR     +++..                    X - amulet of Vitality {Regen+ HP+15}
Stlth  +++++++...               l - ring of Shadows {Umbra +Inv Stlth+}
                                k - ring of wizardry

@: flayed, very slightly contaminated, wreathed by umbra, deflect missiles
A: clarity, robust 1
a: Divine Energy, Channel Magic, Forget Spell, Renounce Religion, Evoke
Invisibility


You were on level 15 of the Dungeon.
You worshipped Sif Muna.
Sif Muna was greatly pleased with you.
You were very hungry.

You visited 6 branches of the dungeon, and saw 29 of its levels.
You also visited: Ice Cave and Volcano.

You collected 4599 gold pieces.
You spent 2731 gold pieces at shops.

Inventory:

Hand Weapons
 a - the +9 whip of the Twelve Tales (weapon) {flame, rC+ Int+7 Stlth+}
   (You took it off a deep elf sorcerer on level 3 of the Elven Halls)

   It has been specially enchanted to burn those struck by it, causing extra
   injury to most foes and up to half again as much damage against particularly
   susceptible opponents.
   It affects your intelligence (+7).
   It protects you from cold.
   It makes you more stealthy.
Armour
 e - the +0 pair of gloves "Vapt" (worn) {MR+}
   (You found it on level 2 of the Elven Halls)

   It affects your resistance to hostile enchantments.
 j - a +2 pair of boots (worn)
 B - a +2 cloak (worn)
 H - a +3 buckler of resistance (worn)
 O - a +2 robe of positive energy (worn)
 W - the -2 hat of the Alchemist (worn) {rElec rPois rF+ rC+ rN+ MR+ rMut rCorr}
   (You found it on level 7 of the Dungeon)

   It protects you from fire.
   It protects you from cold.
   It insulates you from electricity.
   It protects you from poison.
   It protects you from negative energy.
   It affects your resistance to hostile enchantments.
   It protects you from acid and corrosion.
   It protects you from mutation.
Rods
 b - a +9 lightning rod (17/17)
   (You found it on level 2 of the Dungeon)
Jewellery
 g - the ring "Noely" {+Fly MR+ Slay-3 SInv}
   (You found it on level 14 of the Dungeon)

   [ring of flight]

   It affects your accuracy and damage with ranged weapons and melee attacks
   (-3).
   It affects your resistance to hostile enchantments.
   It lets you see invisible.
   It lets you fly.
 k - a ring of wizardry (left hand)
 l - the ring of Shadows (right hand) {Umbra +Inv Stlth+}
   (You bought it in a shop on level 2 of the Orcish Mines)

   [ring of stealth]

   It lets you turn invisible.
   It makes you more stealthy.
 v - an uncursed ring of fire
 G - an uncursed ring of ice
 X - the amulet of Vitality (around neck) {Regen+ HP+15}
   (You took it off a mummy priest on level 14 of the Dungeon)

   [amulet of regeneration]

   It affects your health (+15).
   It increases your rate of regeneration.
Wands
 c - a wand of heal wounds (4/9)
 w - a wand of digging (1/24)
 y - a wand of random effects (13/48)
 A - a wand of teleportation (3/9)
 C - a wand of hasting (5/9)
 T - a wand of iceblast (3/15)
Scrolls
 i - a scroll of recharging
 n - a scroll of remove curse
 o - 11 scrolls of teleportation
 q - a scroll of enchant armour
 u - 2 scrolls of fear
 x - a scroll of holy word
 U - 6 scrolls of fog
Potions
 m - 2 potions of haste
 r - a potion of invisibility
 t - a potion of cancellation
 F - 4 potions of magic
 L - a potion of heal wounds
 M - a potion of resistance
 Q - 7 potions of curing
Miscellaneous
 p - a phantom mirror
 s - 2 boxes of beasts
 z - a disc of storms
 I - a lamp of fire
 N - a crystal ball of energy
 P - a phial of floods
 S - a fan of gales
Comestibles
 d - 9 bread rations
 f - 2 royal jellies
 h - 5 beef jerkies
 D - a meat ration
 R - 26 fruits
 Y - 8 slices of pizza


   Skills:
 + Level 8.2 Fighting
 - Level 8.1 Dodging
 - Level 5.4 Stealth
 - Level 4.7 Shields
 + Level 16.8 Spellcasting
 - Level 8.8 Conjurations
 - Level 7.3 Hexes
 - Level 10.6 Charms
 + Level 9.2 Summonings
 + Level 10.1 Necromancy
 + Level 8.1 Translocations
 - Level 5.3 Transmutations
 - Level 10.3 Ice Magic
 * Level 16.8 Air Magic
 * Level 5.4 Earth Magic
   Level 3.7 Poison Magic
 - Level 7.8 Invocations
 - Level 12.2 Evocations


You had 3 spell levels left.
You knew the following spells:

 Your Spells              Type           Power        Failure   Level  Hunger
a - Lightning Bolt        Conj/Air       #######...   1%          5    None
b - Haunt                 Necr/Summ      #######...   7%          7    ##.....
c - Blink                 Tloc           N/A          1%          2    None
i - Statue Form           Tmut/Erth      ######...    7%          6    None
o - Shroud of Golubria    Chrm/Tloc      #######...   1%          2    None
p - Regeneration          Chrm/Necr      #######...   1%          3    None
q - Freezing Cloud        Conj/Ice/Air   #######...   1%          6    None
s - Airstrike             Air            ########..   0%          4    None
u - Deflect Missiles      Chrm/Air       #######...   1%          6    None
w - Metabolic Englaciati  Hex/Ice        #######...   1%          5    None
x - Swiftness             Chrm/Air       #######.     0%          2    None


Dungeon Overview and Level Annotations

Branches:
Dungeon (15/15)            Temple (1/1) D:5            Lair (6/6) D:10
  Swamp (0/4) Lair:4       Spider (2/4) Lair:4        Slime (0/5) Lair:6
    Orc (2/2) D:9             Elf (3/3) Orc:2        Vaults (0/5) D:14
 Depths (0/5) D:15

Altars:
Ashenzari
Cheibriados
Dithmenos
Elyvilon
Fedhas
Gozag
Hepliaklqana
Kikubaaqudgha
Makhleb
Nemelex Xobeh
Okawaru
Qazlal
Ru
Sif Muna
Trog
Uskayaw
Vehumet
Xom
Yredelemnul
Zin
The Shining One
Beogh

Shops:
D:7 :   D:10 }   D:12 (   Orc:1 *   Orc:2 =([?   Elf:1 *(}   Elf:2 *

Annotations:
D:1 burn trees
Orc:2 acquire 2028


Innate Abilities, Weirdness & Mutations

You possess an exceptional clarity of mind.
You are robust. (+10% HP)


Message History

Aim: a flayed ghost (moderately damaged, umbra)
You miscast Haunt.
Sif Muna protects you from the effects of your miscast!
You are feeling very hungry.
The flayed ghost hits you!
* * * LOW HITPOINT WARNING * * *
Casting: Haunt
Confirm with . or Enter, or press ? or * to list all spells.
Aiming: Lightning Bolt
Press: ? - help, Shift-Dir - straight line, p - flayed ghost You hear a mighty clap of thunder!
The bolt of lightning misses the flayed ghost.
You hear a roar!
Press: ? - help, v - describe, . - travel, g - get item
Here: a flayed ghost (moderately damaged, umbra)
An uncursed arbalest.
There is something else lying underneath.
The floor, spattered with blood.
You feel somewhat more hungry. The flayed ghost hits you!!
You die...

....#......##§≈ ≈≈≈s###'.....
...#'#..# .##§Z ..§(##.#'...#
#...#..# #..#≈.. #...'#.#'W.# #
.#.#)#.##..##≈[..#....'#.#'. ..
.)).#.)....##≈.##......'#.# ...
#.####.#.#.##≈.......<..'# #§§
'#'#.##(#'######(#'#..)..##≈#
#....#.#.#.####.#.###.....≈######
)##..#......#)).@W.#'.(...≈##....
#.#..#.#...#'#..P⌠.§#..##.§##..<.
##†..#..#.)(#...8..#§§#..[≈##.<†<
.....#).(#(#'#.⌠...§#§#...≈##....
....##()....#......##....§≈##..#.
#####(#######).#.#.##≈≈≈≈≈§##....
)....###...'.##'#'###########.#.#
..#).# #.#.#)#.#(#.#####.####....
.....# #..(#...(..#......##..#.


You could see a flayed ghost.

Vanquished Creatures
  Nikola (Lair:4)
  Rupert (Lair:4)
  2 deep elf blademasters (Elf:3)
  A deep elf master archer (Elf:3)
  Frances (Spider:1)
  A sphinx (shapeshifter) (D:15)
  Donald (Lair:4)
  A fire giant (D:15)
  A deep elf sorcerer (Elf:3)
  2 orc warlords (Orc:2)
  4 emperor scorpions
  4 deep elf elementalists
  An entropy weaver (Lair:4)
  Azrael (Orc:2)
  6 deep elf demonologists (Elf:3)
  7 deep elf annihilators
  A dire elephant (Lair:4)
  8 deep elf death magi
  3 mummy priests (D:14)
  An ettin (D:15)
  A fire dragon (D:15)
  2 deep elf high priests (Elf:3)
  A yaktaur captain (D:15)
  10 hydras
  An ice dragon (Lair:6)
  3 ogre magi (D:15)
  A ghost crab (shapeshifter) (Elf:3)
  A catoblepas (Lair:6)
  7 centaur warriors (D:15)
  10 death yaks
  A death knight (D:12)
  28 dancing weapons
  A satyr (shapeshifter) (D:15)
  2 tengu warriors (D:15)
  26 deep elf knights
  2 slime creatures
  A shadow wraith (D:15)
  4 skeletal warriors
  6 unseen horrors
  3 wizards
  16 deep elf archers
  3 hill giants
  Pikel (D:5)
  4 orc knights
  A lindwurm (Lair:6)
  A phantasmal warrior (D:15)
  7 necromancers
  7 orb spiders
  58 deep elf magi
  4 cyclopes
  7 orc sorcerers
  6 wolf spiders
  3 manticores
  6 elephants (Lair:3)
  5 centaur zombies
  8 ugly things
  Maurice (Orc:2)
  9 black mambas
  2 ice statues
  4 torpor snails
  7 gargoyles
  3 kobold demonologists
  A komodo dragon (shapeshifter) (D:15)
  14 spiny frogs
  12 komodo dragons
  5 demonic crawlers
  A yaktaur (shapeshifter) (Elf:3)
  4 rime drakes
  4 freezing wraiths
  4 yaktaurs (D:15)
  4 guardian mummies (D:14)
  A tengu conjurer (D:15)
  8 polar bears
  9 trolls
  3 hornets
  2 tyrant leeches (Lair:6)
  12 jumping spiders
  16 blink frogs
  A wolf spider simulacrum (D:15)
  4 two-headed ogres
  A meliai zombie (D:12)
  A harpy skeleton (Volcano)
  13 hippogriffs
  32 redbacks
  3 flying skulls (Volcano)
  Sigmund (D:5)
  An air elemental (Elf:1)
  A centaur simulacrum (D:15)
  3 water elementals
  8 tarantellas
  A tarantella (shapeshifter) (D:13)
  3 alligator skeletons (Volcano)
  A vampire (D:11)
  62 yaks
  3 wraiths
  4 wyverns
  6 large abominations
  4 basilisks
  4 hungry ghosts
  8 fire elementals
  3 humans (D:7)
  9 wolves
  9 vampire mosquitoes
  2 hogs (D:7)
  10 wargs
  Menkaure (D:14)
  A mottled dragon (D:14)
  25 water moccasins
  7 swamp worms
  5 porcupines
  Duvessa (D:5)
  5 hell hounds (Orc:2)
  8 small abominations
  14 ice beasts
  39 orc warriors
  3 slaves (D:5)
  An eye of draining (D:13)
  A necrophage (D:9)
  2 black bears
  6 sky beasts
  19 ogres
  3 phantoms
  2 boggarts (D:14)
  15 centaurs
  16 crocodiles
  26 bullfrogs
  3 elf zombies (Elf:1)
  A big kobold (D:8)
  Dowan (D:5)
  21 scorpions
  A water moccasin skeleton (D:4)
  14 killer bees
  4 wights (D:15)
  2 troll skeletons (Volcano)
  6 howler monkeys
  4 spriggan skeletons (Volcano)
  An electric eel (Lair:4)
  5 crimson imps
  3 bullfrog zombies
  4 hounds
  7 jellies
  23 orc priests
  Crazy Yiuf (D:2)
  7 centaur skeletons
  32 orc wizards
  A bullfrog skeleton (D:12)
  5 iguanas
  15 worker ants
  3 yak simulacra (Lair:3)
  2 polar bear simulacra (Lair:3)
  5 wolf simulacra (Lair:3)
  A naga skeleton (Volcano)
  2 hound zombies
  2 hound skeletons
  2 mummies (D:14)
  3 worker ant zombies
  17 adders
  4 gnolls
  2 shadow imps
  16 white imps
  3 oozes
  2 adder skeletons
  2 worms
  2 dart slugs (D:1)
  9 leopard geckos
  158 orcs
  2 ball pythons
  A bat zombie (D:8)
  2 giant cockroaches
  9 goblins
  9 hobgoblins
  4 jackals (D:2)
  13 kobolds
  5 quokkas
  6 bats
  6 frilled lizards
  A quokka zombie (D:5)
  9 rats
  2 rat zombies (D:8)
  A river rat simulacrum (Lair:3)
  4 crawling corpses (Elf:1)
  8 fungi
  8 plants
1306 creatures vanquished.

Vanquished Creatures (collateral kills)
  A deep elf master archer (Elf:3)
  A frost giant (IceCv)
  An emperor scorpion (Spider:1)
  A deep elf death mage (Elf:3)
  A deep elf knight (Elf:1)
  The ghost of Vorshek the Destroyer, a novice GrWz of Vehumet (D:10)
  4 wolf spiders (Spider:1)
  2 deep elf magi
  A moth of wrath (Spider:2)
  A black mamba (Lair:2)
  2 spiny frogs (Lair:2)
  A komodo dragon (Lair:6)
  2 demonic crawlers (Spider:1)
  2 yaktaurs (D:15)
  A jumping spider (Spider:1)
  13 polar bears
  4 blink frogs
  2 hippogriffs
  A tarantella (Spider:1)
  10 redbacks
  11 yaks
  A hog (D:7)
  A hungry ghost (D:8)
  2 orc warriors
  An ice beast (D:9)
  A boggart (D:14)
  2 ogres (D:8)
  A centaur (D:10)
  4 crocodiles
  4 wolves (IceCv)
  3 bullfrogs
  12 scorpions
  A howler monkey (D:10)
  A jelly (D:8)
  3 hounds
  An orc priest (D:9)
  5 orc wizards
  An ooze (Lair:6)
  7 orcs
  A hobgoblin (D:10)
  A butterfly (Lair:6)
116 creatures vanquished.

Vanquished Creatures (others)
  172 ball lightnings
  A slave (D:5)
  A howler monkey (D:5)
  A crawling corpse (Elf:1)
  20 fungi
  12 plants
207 creatures vanquished.

Grand Total: 1629 creatures vanquished

Notes
Turn   | Place    | Note
-------+----------+-------------------------------------------
     0 | D:1      | Mefis the Deep Elf Wizard began the quest for the Orb.
     0 | D:1      | Reached XP level 1. HP: 10/10 MP: 7/7
     5 | D:1      | Noticed a death yak
   300 | D:1      | Reached XP level 2. HP: 15/15 MP: 5/9
   316 | D:1      | Learned a level 2 spell: Call Imp
   319 | D:1      | Learned a level 2 spell: Blink
   322 | D:1      | Learned a level 2 spell: Repel Missiles
   691 | D:1      | Reached skill level 5 in Spellcasting
   858 | D:1      | Noticed an anaconda
   910 | D:2      | Reached XP level 3. HP: 8/19 MP: 1/11
   915 | D:2      | Learned a level 3 spell: Mephitic Cloud
  1658 | D:2      | Found a white marble altar of Elyvilon.
  1799 | D:2      | Reached XP level 4. HP: 24/24 MP: 7/13
  1804 | D:2      | Learned a level 3 spell: Conjure Flame
  1897 | D:2      | Reached skill level 1 in Air Magic
  2040 | D:2      | Found a runed door.
  2044 | D:2      | Noticed Crazy Yiuf
  2053 | D:2      | Killed Crazy Yiuf
  2053 | D:2      | Reached skill level 1 in Evocations
  2604 | D:3      | Reached skill level 1 in Poison Magic
  2604 | D:3      | Reached XP level 5. HP: 28/28 MP: 0/15
  2608 | D:3      | Learned a level 2 spell: Slow
  3462 | D:3      | Reached skill level 1 in Hexes
  3462 | D:3      | Reached XP level 6. HP: 32/32 MP: 9/17
  3820 | D:4      | Found a hide-covered altar of Uskayaw.
  4972 | D:4      | Found a deep blue altar of Sif Muna.
  5016 | D:4      | Reached XP level 7. HP: 36/36 MP: 17/19
  5237 | D:4      | Became a worshipper of Sif Muna the Loreminder
  5327 | D:5      | Entered Level 5 of the Dungeon
  5330 | D:5      | Noticed Duvessa
  5497 | D:5      | Noticed Pikel
  5514 | D:5      | Killed Pikel
  5514 | D:5      | Reached skill level 1 in Invocations
  5514 | D:5      | Reached XP level 8. HP: 41/41 MP: 15/21
  5614 | D:5      | Reached skill level 1 in Shields
  5667 | D:5      | Noticed Dowan
  5672 | D:5      | Killed Duvessa
  5688 | D:5      | Killed Dowan
  5709 | D:5      | Reached * piety under Sif Muna
  5981 | D:5      | Found a white marble altar of Elyvilon.
  6013 | D:5      | Found a sparkling altar of Nemelex Xobeh.
  6023 | D:5      | Found a radiant altar of Vehumet.
  6056 | D:5      | Found a staircase to the Ecumenical Temple.
  6311 | D:5      | Noticed Sigmund
  6328 | D:5      | Killed Sigmund
  6328 | D:5      | Reached skill level 5 in Stealth
  6562 | Temple   | Entered the Ecumenical Temple
  7514 | D:6      | Reached skill level 5 in Evocations
  7515 | D:6      | Reached XP level 9. HP: 38/45 MP: 12/23
  7648 | D:6      | Found a sacrificial altar of Ru.
  7674 | D:6      | Reached ** piety under Sif Muna
  7674 | D:6      | Reached skill level 5 in Dodging
  8170 | D:7      | Found Ryschylid's Book Shoppe.
  8181 | D:7      | Bought a book of Necromancy for 330 gold pieces
  8185 | D:7      | Learned a level 3 spell: Regeneration
  8187 | D:7      | Learned a level 1 spell: Animate Skeleton
  8189 | D:7      | Learned a level 1 spell: Pain
  8473 | D:7      | Found a glowing silver altar of Zin.
  8476 | D:7      | Found a shadowy altar of Dithmenos.
  8513 | D:7      | Reached skill level 1 in Charms
  8513 | D:7      | Reached skill level 1 in Necromancy
  8701 | D:7      | You fall through a shaft for 2 floors!
  8756 | D:8      | Found a shadowy altar of Dithmenos.
  9177 | D:6      | Learned a level 4 spell: Animate Dead
  9486 | D:7      | Found an iron altar of Okawaru.
  9617 | D:7      | Reached skill level 5 in Conjurations
  9847 | D:8      | Reached XP level 10. HP: 45/50 MP: 8/25
 10281 | D:8      | Reached *** piety under Sif Muna
 10778 | D:8      | Found an ancient bone altar of Kikubaaqudgha.
 11033 | D:8      | Reached skill level 10 in Spellcasting
 11050 | D:8      | Learned a level 4 spell: Control Undead
 11628 | D:8      | Reached skill level 5 in Hexes
 11910 | D:9      | Reached **** piety under Sif Muna
 12036 | D:8      | Reached skill level 5 in Necromancy
 12385 | D:9      | Reached skill level 5 in Charms
 12513 | D:9      | Found a roughly hewn altar of Beogh.
 12513 | D:9      | Found a staircase to the Orcish Mines.
 12726 | D:9      | Found a stormy altar of Qazlal.
 13350 | D:10     | Entered Level 10 of the Dungeon
 13377 | D:10     | Reached XP level 11. HP: 54/54 MP: 15/27
 14044 | D:10     | Got a brightly glowing lapis lazuli ring
 14046 | D:10     | Identified the ring of the Present {rF+++ rN++ Str+4 Dex-2 Stlth+} (You found it on level 10 of the Dungeon)
 14077 | D:10     | Noticed a seven-headed hydra
 14101 | D:10     | Noticed a hill giant
 14101 | D:10     | Killed a seven-headed hydra
 14317 | D:10     | Killed a hill giant
 14367 | D:10     | Found a staircase to the Lair.
 14395 | Lair:1   | Entered Level 1 of the Lair of Beasts
 14395 | Lair:1   | Noticed a seven-headed hydra
 14456 | Lair:1   | Noticed a five-headed hydra
 14458 | Lair:1   | Killed a seven-headed hydra
 14468 | Lair:1   | Killed a five-headed hydra
 14468 | Lair:1   | Reached ***** piety under Sif Muna
 14544 | D:10     | Noticed Vorshek's ghost (novice GrWz)
 15320 | D:10     | Killed Vorshek's ghost
 15320 | D:10     | Reached skill level 5 in Invocations
 15404 | D:10     | Found Suhy's Gadget Emporium.
 15599 | D:10     | Identified Sif Muna's Reference Book on the Birds (Sif Muna gifted it to you on level 10 of the Dungeon)
 15599 | D:10     | Received a gift from Sif Muna
 15848 | D:10     | Noticed an orc knight
 15873 | D:10     | Killed an orc knight
 16454 | D:12     | Noticed a green ugly thing
 16472 | D:12     | Found a frozen archway.
 16483 | IceCv    | Entered an ice cave
 17456 | IceCv    | Reached XP level 12. HP: 45/59 MP: 30/30
 17672 | IceCv    | Noticed a frost giant
 17687 | IceCv    | Killed a frost giant
 18355 | D:12     | Noticed a death knight
 18614 | Lair:1   | Learned a level 5 spell: Lightning Bolt
 20184 | Lair:2   | Identified Sif Muna's Advanced Guide to Sorcery (Sif Muna gifted it to you on level 2 of the Lair of Beasts)
 20184 | Lair:2   | Received a gift from Sif Muna
 20325 | Lair:2   | Learned a level 5 spell: Iskenderun's Battlesphere
 20331 | Lair:2   | Learned a level 5 spell: Metabolic Englaciation
 21641 | Lair:3   | Reached XP level 13. HP: 63/63 MP: 7/32
 21733 | Lair:1   | Learned a level 6 spell: Conjure Ball Lightning
 21740 | Lair:1   | Learned a level 5 spell: Agony
 21784 | Lair:3   | Reached skill level 5 in Air Magic
 23845 | Lair:4   | Found a dark tunnel.
 23852 | Volcano  | Entered a volcano
 25415 | Lair:4   | Reached skill level 10 in Air Magic
 26207 | Lair:4   | Found a hole to the Spider Nest.
 26400 | Lair:4   | Found a staircase to the Swamp.
 26951 | Lair:5   | Reached XP level 14. HP: 36/68 MP: 15/33
 28405 | Lair:6   | Entered Level 6 of the Lair of Beasts
 28573 | Lair:6   | Identified Sif Muna's Reference Book on Supportive Transmigration (Sif Muna gifted it to you on level 6 of the Lair of Beasts)
 28573 | Lair:6   | Received a gift from Sif Muna
 28819 | Lair:5   | Learned a level 5 spell: Irradiate
 29150 | Lair:6   | Reached skill level 1 in Transmutations
 29150 | Lair:6   | Reached skill level 10 in Evocations
 29533 | Lair:6   | Reached skill level 1 in Fighting
 30909 | Lair:6   | Found a staircase to the Slime Pits.
 32918 | Lair:1   | Gained mutation: You are robust. (+10% HP) [potion of beneficial mutation]
 32919 | Lair:1   | Gained mutation: You possess an exceptional clarity of mind. [potion of beneficial mutation]
 33057 | Orc:1    | Entered Level 1 of the Orcish Mines
 33287 | Orc:2    | Entered Level 2 of the Orcish Mines
 33287 | Orc:2    | Found a staircase to the Elven Halls.
 33438 | Orc:2    | Noticed Maurice
 33581 | Orc:2    | Killed Maurice
 33591 | Orc:2    | Noticed an orc warlord
 33620 | Orc:2    | Killed an orc warlord
 33908 | Orc:2    | Reached XP level 15. HP: 85/85 MP: 4/34
 34173 | Orc:2    | Found a roughly hewn altar of Beogh.
 34313 | Orc:2    | Found a roughly hewn altar of Beogh.
 35157 | Orc:2    | Found Raar's Antique Weapon Shoppe.
 35157 | Orc:2    | Found a roughly hewn altar of Beogh.
 35160 | Orc:2    | Noticed an orc warlord
 35173 | Orc:2    | Noticed Azrael
 35194 | Orc:2    | Found a roughly hewn altar of Beogh.
 35385 | Orc:2    | Found a roughly hewn altar of Beogh.
 35400 | Orc:2    | Found a roughly hewn altar of Beogh.
 35457 | Orc:2    | Found Qenaleynn's Magic Scroll Emporium.
 35582 | Orc:2    | Killed Azrael
 35582 | Orc:2    | Reached skill level 5 in Transmutations
 35746 | Orc:2    | Killed an orc warlord
 35853 | Orc:2    | Found Feydiwif's Antique Armour Emporium.
 35871 | Orc:2    | Bought a pair of embroidered boots for 262 gold pieces
 35900 | Orc:2    | Found a roughly hewn altar of Beogh.
 35910 | Orc:2    | Found Teraor's Jewellery Emporium.
 35915 | Orc:2    | Bought the ring of Shadows {Umbra +Inv Stlth+} for 472 gold pieces
 36010 | Orc:2    | Bought 2 scrolls of identify for 52 gold pieces
 36010 | Orc:2    | Bought a scroll of teleportation for 39 gold pieces
 36010 | Orc:2    | Bought a scroll of amnesia for 45 gold pieces
 36010 | Orc:2    | Bought a scroll of identify for 26 gold pieces
 36010 | Orc:2    | Bought a scroll of fog for 26 gold pieces
 36010 | Orc:2    | Bought a scroll of enchant armour for 97 gold pieces
 36010 | Orc:2    | Bought a scroll of remove curse for 39 gold pieces
 36190 | Orc:1    | Found Osimn's General Store.
 36357 | Orc:1    | Bought 2 scrolls of identify for 44 gold pieces
 36357 | Orc:1    | Bought a potion of heal wounds for 55 gold pieces
 36357 | Orc:1    | Bought a scroll of enchant armour for 82 gold pieces
 36357 | Orc:1    | Bought a potion of ambrosia for 88 gold pieces
 36611 | Orc:2    | Identified Sif Muna's Disquisition on the Flying Traveller (Sif Muna gifted it to you on level 2 of the Orcish Mines)
 36611 | Orc:2    | Received a gift from Sif Muna
 36943 | Lair:1   | Learned a level 6 spell: Deflect Missiles
 36946 | Lair:1   | Learned a level 2 spell: Shroud of Golubria
 36955 | Lair:1   | Learned a level 6 spell: Freezing Cloud
 37072 | Spider:1 | Entered Level 1 of the Spider Nest
 37072 | Spider:1 | Noticed Nikola
 37079 | Spider:1 | Reached XP level 16. HP: 92/92 MP: 6/35
 37165 | Lair:4   | Killed Nikola
 37293 | Spider:1 | Noticed Frances
 38848 | Spider:1 | Killed Frances
 38951 | Spider:1 | Noticed Donald
 39415 | Lair:4   | Reached skill level 5 in Fighting
 39473 | Lair:4   | Killed Donald
 40742 | Spider:1 | Noticed Rupert
 40763 | Lair:4   | Learned a level 2 spell: Swiftness
 40903 | Lair:4   | Killed Rupert
 41972 | Spider:2 | Reached XP level 17. HP: 102/102 MP: 9/37
 42370 | Elf:1    | Entered Level 1 of the Elven Halls
 42949 | D:11     | Found an opulent altar of Gozag.
 43953 | D:12     | Identified Sif Muna's Handbook of the Ghastly Oath (Sif Muna gifted it to you on level 12 of the Dungeon)
 43953 | D:12     | Received a gift from Sif Muna
 43969 | D:12     | Learned a level 7 spell: Haunt
 44503 | D:12     | Reached skill level 15 in Spellcasting
 44710 | D:12     | Found an ancient bone altar of Kikubaaqudgha.
 44710 | D:12     | Found Lafe Xixt's Weapon Shoppe.
 46816 | D:13     | Reached skill level 15 in Air Magic
 47875 | D:14     | Identified a scroll of acquirement
 48121 | D:14     | Found a gate to the Vaults.
 48817 | D:14     | Noticed Menkaure
 48818 | D:14     | Killed Menkaure
 48826 | D:14     | Got a tattered robe
 48837 | D:14     | Identified the +1 robe "Xucoav" {rF- rN+ Str+2} (You found it on level 14 of the Dungeon)
 49155 | D:14     | Got an ancient marble ring
 49607 | Lair:1   | Identified the ring "Noely" {+Fly MR+ Slay-3 SInv} (You found it on level 14 of the Dungeon)
 49630 | Lair:1   | Learned a level 4 spell: Airstrike
 49636 | Lair:1   | Learned a level 5 spell: Aura of Abjuration
 50196 | Elf:1    | Reached skill level 5 in Translocations
 50833 | Elf:1    | Reached skill level 5 in Summonings
 51520 | Elf:1    | Identified the Compendium of Evil
 51657 | Elf:1    | Found Naxtis's General Store.
 51657 | Elf:1    | Found Game's Weapon Emporium.
 51661 | Elf:1    | Found Votegg's Gadget Shoppe.
 51669 | Elf:1    | Bought a wand of hasting (5/9) for 864 gold pieces
 52229 | Elf:1    | Received a gift from Sif Muna
 52365 | Elf:2    | Found a runed gate.
 52365 | Elf:2    | Found a runed gate.
 52366 | Elf:2    | Found a runed gate.
 52571 | Elf:2    | Reached XP level 18. HP: 110/110 MP: 33/39
 52713 | Elf:2    | Found Rerev's Assorted Antiques.
 52717 | Elf:2    | Bought a scroll of enchant armour for 210 gold pieces
 52970 | Elf:3    | Entered Level 3 of the Elven Halls
 53983 | Elf:3    | Found a radiant altar of Vehumet.
 54317 | Elf:2    | Got a pair of faintly glowing gloves
 54328 | Elf:2    | Identified the +0 pair of gloves "Vapt" {MR+} (You found it on level 2 of the Elven Halls)
 54994 | Elf:3    | Reached skill level 10 in Ice Magic
 55193 | Elf:3    | Got a scorched whip {flame}
 55194 | Elf:3    | Identified the +9 whip of the Twelve Tales {flame, rC+ Int+7 Stlth+} (You took it off a deep elf sorcerer on level 3 of the Elven Halls)
 55229 | Elf:3    | Reached skill level 10 in Charms
 55860 | Lair:1   | Learned a level 6 spell: Shadow Creatures
 56584 | Elf:3    | Identified the Disquisition on Flight
 56691 | Elf:3    | Identified the Reference Book on Boosting Stolen Souls
 56695 | Elf:3    | Identified Peczecko's Disquisition on Venomous Conjuration
 57490 | Lair:1   | Learned a level 7 spell: Haunt
 57499 | Lair:1   | Learned a level 6 spell: Statue Form
 57820 | Elf:2    | Reached skill level 1 in Earth Magic
 57909 | Elf:2    | Reached XP level 19. HP: 116/116 MP: 36/41
 59136 | D:15     | Entered Level 15 of the Dungeon
 59541 | D:15     | Found a sparkling altar of Nemelex Xobeh.
 59542 | D:15     | Found a shimmering altar of Xom.
 59542 | D:15     | Found a sparkling altar of Nemelex Xobeh.
 60082 | D:15     | Found a staircase to the Depths.
 61594 | D:15     | Reached skill level 10 in Necromancy
 61649 | D:15     | Reached skill level 5 in Earth Magic
 62511 | D:15     | Slain by a flayed ghost

Skill      XL: |  1  2  3  4  5  6  7  8  9 10 11 12 13 14 15 16 17 18 19 |
---------------+----------------------------------------------------------+-----
Spellcasting   | 5 6 7 8 9 10 12 13 14 15 16 | 16.8
Conjurations   | 2 3 4 5 6 8 |  8.8
Dodging        | 3 4 5 6 7 8 |  8.1
Air Magic      | 1 2 3 4 11 13 14 15 16 | 16.8
Evocations     | 1 2 3 5 6 7 8 9 10 11 12 | 12.2
Poison Magic   | 1 2 3 |  3.7
Stealth        | 3 4 5 |  5.4
Hexes          | 1 2 3 4 5 6 7 |  7.3
Invocations    | 1 2 3 4 5 6 7 |  7.8
Shields        | 1 2 3 4 |  4.7
Charms         | 3 5 6 7 9 10 | 10.6
Necromancy     | 3 5 7 8 9 10 | 10.1
Transmutations | 4 5 |  5.3
Fighting       | 3 4 5 6 7 8 |  8.2
Ice Magic      | 6 8 9 10 | 10.3
Translocations | 2 5 6 8 |  8.1
Summonings     | 6 8 9 |  9.2
Earth Magic    | 1 5 |  5.4

Action                   |  1- 3 |  4- 6 |  7- 9 | 10-12 | 13-15 | 16-18 | 19-21 || total
-------------------------+-------+-------+-------+-------+-------+-------+-------++-------
Melee: Short sword       |    12 |       |       |       |       |       |       ||    12
       Dagger            |       |     5 |    81 |   241 |       |       |       ||   327
       Trident           |       |       |     9 |       |       |       |       ||     9
       Whip              |       |       |       |     6 |   128 |    88 |    86 ||   308
       Staff             |       |       |       |       |       |    71 |       ||    71
Throw: Javelin           |       |       |     7 |     5 |       |       |       ||    12
       Tomahawk          |       |       |     5 |       |       |       |       ||     5
 Cast: Magic Dart        |    97 |   151 |   207 |   299 |       |       |       ||   754
       Repel Missiles    |     2 |       |       |     2 |     1 |       |       ||     5
       Mephitic Cloud    |       |     9 |    20 |    72 |       |       |       ||   101
       Blink             |       |     2 |     4 |    30 |    12 |    28 |     2 ||    78
       Conjure Flame     |       |       |    12 |    15 |       |       |       ||    27
       Pain              |       |       |    56 |   243 |       |       |       ||   299
       Animate Skeleton  |       |       |     5 |     3 |       |       |       ||     8
       Animate Dead      |       |       |     4 |    51 |    23 |    21 |       ||    99
       Regeneration      |       |       |     2 |    18 |    29 |    17 |     8 ||    74
       Slow              |       |       |     1 |    20 |     9 |     2 |       ||    32
       Control Undead    |       |       |       |     8 |       |       |       ||     8
       Call Imp          |       |       |       |    14 |       |       |       ||    14
       Lightning Bolt    |       |       |       |    49 |   365 |   493 |    78 ||   985
       Iskenderun's Batt |       |       |       |     6 |       |       |       ||     6
       Metabolic Englaci |       |       |       |     1 |    10 |    26 |    10 ||    47
       Conjure Ball Ligh |       |       |       |       |    80 |       |       ||    80
       Agony             |       |       |       |       |     6 |       |       ||     6
       Irradiate         |       |       |       |       |    17 |    27 |       ||    44
       Freezing Cloud    |       |       |       |       |     4 |   108 |    43 ||   155
       Deflect Missiles  |       |       |       |       |     1 |     2 |     3 ||     6
       Shroud of Golubri |       |       |       |       |       |    17 |     7 ||    24
       Airstrike         |       |       |       |       |       |    81 |   125 ||   206
       Swiftness         |       |       |       |       |       |     3 |       ||     3
       Shadow Creatures  |       |       |       |       |       |     1 |       ||     1
       Haunt             |       |       |       |       |       |       |     2 ||     2
Invok: Divine Energy     |       |       |       |     3 |     2 |     8 |       ||    13
       Stop Divine Energ |       |       |       |     2 |     2 |     9 |       ||    13
       Channel Magic     |       |       |       |     4 |    11 |    29 |    14 ||    58
       Forget Spell      |       |       |       |     3 |     4 |     4 |       ||    11
Evoke: Rod               |       |     6 |     8 |    47 |    18 |    29 |       ||   108
       Wand              |       |       |       |    12 |       |     1 |       ||    13
       Fan of gales      |       |       |       |       |     1 |     1 |       ||     2
       Phial of floods   |       |       |       |       |     1 |     1 |       ||     2
  Use: Scroll            |       |     3 |     2 |    14 |    28 |    20 |     1 ||    68
       Potion            |       |       |       |       |     5 |     8 |       ||    13
 Stab: Confused          |       |     1 |     6 |    14 |       |       |       ||    21
       Sleeping          |       |     1 |     3 |     5 |       |       |     1 ||    10
       Distracted        |       |       |       |     2 |       |     1 |       ||     3
  Eat: Chunk             |     2 |     6 |     9 |    32 |    29 |    28 |     4 ||   110
       Meat ration       |       |     1 |     1 |     2 |     7 |     1 |     1 ||    13
       Fruit             |       |       |       |     1 |     2 |     4 |     1 ||     8
       Bread ration      |       |       |       |       |     1 |    10 |     2 ||    13
       Beef jerky        |       |       |       |       |       |     1 |       ||     1
Armor: Robe              |     6 |     5 |    30 |    76 |    38 |    93 |    28 ||   276
Dodge: Dodged            |    29 |    18 |    95 |   280 |   200 |   418 |   125 ||  1165
       Deflected         |     1 |     2 |     3 |    13 |     9 |    50 |    29 ||   107
Block: Buckler           |       |       |       |    57 |    57 |   138 |    61 ||   313
